 Dungeon Crawl Stone Soup version 0.19-a0-353-g6b7ed47 (webtiles) character file.

26 Ordine the Insei (level 3, 1/23 HPs)
             Began as an Octopode Transmuter on May 29, 2016.
             Quit the game on level 2 of the Dungeon.
             The game lasted 00:03:19 (1463 turns).

Ordine the Insei (Octopode Transmuter)              Turns: 1463, Time: 00:03:20

Health: 1/23       AC:  1    Str:  9    XL:     3   Next: 8%
Magic:  5/6        EV: 12    Int: 16    God:
Gold:   69         SH:  0    Dex: 12    Spells: 1 memorised, 5 levels left

rFire  . . .     SeeInvis .       - Unarmed
rCold  . . .     Gourm    .     (no shield)
rNeg   . . .     Faith    .     (helmet restricted)
rPois  .         Spirit   .     (no amulet)
rElec  .         Dismiss  .     j - -3 ring of slaying (curse)
rCorr  .         Reflect  .     (no ring)
SustAt .         Harm     .     (no ring)
MR     .....                    (no ring)
Stlth  ++........               (no ring)
                                (no ring)
                                (no ring)
                                (no ring)

@: lethally poisoned (1 -> -4), exhausted, very slightly contaminated, slowed,
invisible, very slow, not resistant to hostile enchantments, unstealthy
A: almost no armour, amphibious, 8 rings, constrict 8, camouflage 1, gelatinous
body 1
a: no special abilities


You were on level 2 of the Dungeon.
You were very hungry.

You visited 1 branch of the dungeon, and saw 2 of its levels.

You collected 69 gold pieces.

Inventory:

Jewellery
 j - a cursed -3 ring of slaying (left tentacle)
Potions
 a - a potion of resistance
 k - a potion of berserk rage
Books
 b - a book of Changes

   Spells                             Type                      Level
   a - Beastly Appendage              Transmutation                1
   b - Sticks to Snakes               Transmutation                2
   c - Spider Form                    Transmutation/Poison         3
   d - Ice Form                       Ice/Transmutation            4
   e - Blade Hands                    Transmutation                5
Comestibles
 c - a bread ration
 d - a beef jerky
 g - 4 fruits
 l - a meat ration


   Skills:
 - Level 1.0 Fighting
 - Level 2.0 Dodging
 + Level 3.3 Unarmed Combat
 - Level 2.0 Spellcasting
 * Level 3.1 Transmutations


You had 5 spell levels left.
You knew the following spells:

 Your Spells              Type           Power        Failure   Level  Hunger
a - Beastly Appendage     Tmut           ##....       8%          1    #......


Dungeon Overview and Level Annotations

Branches:
Dungeon (2/15)

Altars:


Innate Abilities, Weirdness & Mutations

You cannot wear most types of armour.
You are amphibious.
You can wear up to eight rings at the same time.
You can use your tentacles to constrict eight enemies at once.
Your skin changes colour to match your surroundings (Stealth+).
Your rubbery body absorbs attacks. (AC +1)


Message History

You are exhausted.
You feel yourself slow down.
You are feeling very hungry.
Your tentacle spike disappears.
* * * LOW HITPOINT WARNING * * *
You feel sick.
Unknown command.
Drink which item? (? for menu, Esc to quit)
You're too exhausted to go berserk.
* * * LOW HITPOINT WARNING * * *
You feel sick.
* * * LOW HITPOINT WARNING * * *
You feel sick.
Things that are here:
a bat corpse; an adder corpse Quiver which item? (- for none, * to show all) (? for menu, Esc to quit)
Okay, then.
Quiver which item? (- for none, * to show all) (? for menu, Esc to quit)
Okay, then.
Are you sure you want to abandon this character and quit the game? (Confirm with "yes".)

### ..# #.#
#.##############
########.#..@.........#
#...........####.######
#.....$.....# #.#
#$.....=....# #.###
#...........# #..<#
#...........# #####
#...........#
#...........#
#...........#


There were no monsters in sight!

Vanquished Creatures
  An adder (D:2)
  A dart slug (D:1)
  A giant gecko (D:1)
  A hobgoblin (D:1)
  2 jackals
  A ball python (D:1)
  A bat (D:2)
  2 giant newts (D:1)
  2 goblins (D:1)
  3 kobolds (D:1)
  A rat (D:1)
16 creatures vanquished.

Notes
Turn   | Place    | Note
--------------------------------------------------------------
     0 | D:1      | Ordine the Octopode Transmuter began the quest for the Orb.
     0 | D:1      | Reached XP level 1. HP: 13/13 MP: 3/3
   621 | D:1      | Reached XP level 2. HP: 9/18 MP: 1/5
  1453 | D:2      | Reached XP level 3. HP: 7/23 MP: 4/6
  1462 | D:2      | HP: 1/23 [poisoned by an adder]
  1463 | D:2      | Quit the game

Vault maps used:
D:1:      saegor_arrival_simple_d
D:2:      first_bread, ecumenical_altar_1, minmay_crystal_water,
          minmay_misc_feat_doors

Skill      XL: |  1  2 |
---------------+-------+-----
Transmutations | 3 |  3.1
Fighting       | |  1.0
Dodging        | |  2.0
Unarmed Combat | |  3.3
Spellcasting   | |  2.0

Action                   || total
-------------------------++-------
Melee: Unarmed           ||    61
       Constrict         ||    11
       Kick              ||    10
       Tentacles         ||     5
       Punch             ||     1
 Cast: Beastly Appendage ||     6
  Use: Scroll            ||     3
       Potion            ||     2
 Stab: Sleeping          ||     2
  Eat: Chunk             ||     1
Armor: Skin              ||    15
Dodge: Dodged            ||    44
